[Event "DVM U10 2024"]
[Site "Duesseldorf"]
[Date "2024.12.28"]
[Round "4"]
[White "Jöhnke, Thore"]
[Black "Nordmann, Vigo"]
[Result "1-0"]
[ECO "C50"]
[WhiteElo "861"]
[BlackElo "831"]
[Annotator "NA"]
[PlyCount "73"]
[EventDate "2024.12.23"]
[EventType "team-tourn"]
[EventRounds "7"]
[EventCountry "GER"]
[SourceTitle "playchess.com"]
[Source "ChessBase"]
[SourceQuality "1"]
[TimeControl "3300+5"]

1. e4 e5 2. Nf3 Nc6 3. Bc4 Bc5 4. d3 Nf6 5. Nc3 O-O 6. Bg5 h6 7. Bh4 Nb4 8. a3 d5 9. Bxd5 Nbxd5 10. Nxd5 Qd6 11. Nxf6+ Kh8 12. Nd5 Bg4 13. h3 Be6 14. Be7 Qc6 15. Bxf8 Rxf8 16. Nxe5 Qd6 17. Nf3 Re8 18. O-O c6 19. Ne3 Qf4 20. Qd2 Bxh3 21. Nc4 Bg4 22. Qxf4 h5 23. Qxf7 Re7 24. Qf8+ Kh7 25. b4 Re6 26. Qxc5 Rg6 27. Nce5 Rh6 28. Nxg4 hxg4 29. Ng5+ Kg8 30. Qc4+ Kh8 31. Nf7+ Kh7 32. Nxh6 Kxh6 33. Qe6+ Kg5 34. f4+ Kh4 35. Qg8 Kg3 36. Qh8 g5 37. Qh2# 1-0

[Event "DVM U10 2024"]
[Site "Duesseldorf"]
[Date "2024.12.28"]
[Round "4"]
[White "Widlitzek, Philipp"]
[Black "Müller, Charlie Erik"]
[Result "0-1"]
[ECO "C45"]
[WhiteElo "860"]
[BlackElo "1043"]
[Annotator "NA"]
[PlyCount "116"]
[EventDate "2024.12.23"]
[EventType "team-tourn"]
[EventRounds "7"]
[EventCountry "GER"]
[SourceTitle "playchess.com"]
[Source "ChessBase"]
[SourceQuality "1"]
[TimeControl "3300+5"]

1. e4 e5 2. Nf3 Nc6 3. d4 exd4 4. Nxd4 Nxd4 5. Qxd4 c5 6. Qd1 d6 7. Nc3 Nf6 8. Bf4 Qe7 9. Nd5 Qxe4+ 10. Be3 Qxd5 11. Qxd5 Nxd5 12. O-O-O Nxe3 13. fxe3 Be6 14. Kb1 O-O-O 15. b3 d5 16. Kb2 Be7 17. Be2 Bf6+ 18. c3 d4 19. exd4 cxd4 20. cxd4 Bxd4+ 21. Ka3 Bc5+ 22. b4 Rxd1 23. Rxd1 Be7 24. Re1 Re8 25. Rd1 Rd8 26. Rxd8+ Bxd8 27. Ka4 Bxa2 28. b5 Bd5 29. g4 g5 30. Kb4 Be7+ 31. Ka4 Bd8 32. Bd3 h6 33. Bf5+ Be6 34. Kb4 Bxf5 35. gxf5 a6 36. bxa6 bxa6 37. h3 f6 38. Ka4 Kd7 39. Kb4 Kd6 40. Kc4 Ke5 41. Kd3 Kxf5 42. Ke3 Be7 43. Kf3 a5 44. Ke3 a4 45. Kd3 a3 46. Kc3 Kf4 47. Kc2 Kg3 48. h4 gxh4 49. Kb3 h3 50. Kc3 h2 51. Kb3 h1=Q 52. Kc3 Qb1 53. Kd4 a2 54. Kd5 a1=Q 55. Ke6 Qe5+ 56. Kf7 Qb3+ 57. Kg7 Qg5+ 58. Kh7 Qbg8# 0-1